 Dungeon Crawl Stone Soup version 0.27.0-1-g7a089689b8 (webtiles) character file.

Game seed: 7253927180543163051

32340 EnegeticOcto the Cleaver (level 13, -31/121 HPs)
             Began as a Deep Dwarf Fighter on Aug 2, 2021.
             Was the Champion of the Shining One.
             Annihilated by a boulder beetle (34 damage)
             ... on level 14 of the Dungeon.
             The game lasted 00:08:27 (9544 turns).

EnegeticOcto the Cleaver (Deep Dwarf Fighter)       Turns: 9544, Time: 00:08:27

Health: -31/121    AC: 19    Str: 24    XL:     13   Next: 30%
Magic:  0/0        EV:  7    Int: 10    God:    the Shining One [******]
Gold:   842        SH: 12    Dex: 12    Spells: 33/33 levels left

rFire    + . .     SeeInvis .   a - +3 broad axe (freeze)
rCold    . . .     Faith    .   c - +0 kite shield
rNeg     + + +     Spirit   .   F - +1 chain mail
rPois    .         Reflect  .   B - +0 helmet
rElec    .         Harm     .   A - +1 cloak
rCorr    .         Rampage  .   C - +0 pair of gloves
Will     +....                  g - +2 pair of boots
Stlth    ..........             (no amulet)
HPRegen  0.00/turn              h - ring of protection from fire
MPRegen  0.07/turn              (no ring)

@: glowing, studying Spellcasting
A: damage resistance, heal wounds, sense surroundings 2, no regeneration
a: Heal Wounds, Renounce Religion, Divine Shield, Cleansing Flame, Summon Divine
Warrior, Brand Weapon With Holy Wrath


You were on level 14 of the Dungeon.
You worshipped the Shining One.
The Shining One was exalted by your worship.
You visited 1 branch of the dungeon, and saw 14 of its levels.

You collected 962 gold pieces.
You spent 120 gold pieces at shops.

Inventory:

Hand Weapons
 a - a +3 broad axe of freezing (weapon)
 m - a +3 hand axe of venom
 L - a +0 war axe
Missiles
 s - a curare-tipped dart
Armour
 b - a +0 scale mail
 c - a +0 kite shield (worn)
 g - a +2 pair of boots (worn)
 A - a +1 cloak (worn)
 B - a +0 helmet (worn)
 C - a +0 pair of gloves (worn)
 F - a +1 chain mail (worn)
Jewellery
 h - a ring of protection from fire (left hand)
 y - an amulet of faith
 K - a ring of resist corrosion
Wands
 r - a wand of digging (9) {@v3}
 J - a wand of polymorph (16)
Scrolls
 f - a scroll of enchant weapon
 i - 2 scrolls of blinking {@r4}
 l - 3 scrolls of magic mapping {@r5}
 n - 6 scrolls of teleportation {@r3}
 o - a scroll of holy word
 w - a scroll of fog
 x - 6 scrolls of identify {@r1}
 z - 2 scrolls of noise
 D - a scroll of fear {unknown}
 E - a scroll of torment {unknown}
 G - a scroll of silence {unknown}
 H - 2 scrolls of vulnerability {unknown}
Potions
 d - a potion of might {@q3}
 e - 3 potions of haste {@q4}
 p - 2 potions of berserk rage
 q - a potion of attraction {unknown}
 t - 3 potions of brilliance
 u - 2 potions of magic
 v - 3 potions of flight
 I - 2 potions of mutation {unknown}
 M - 2 potions of invisibility {unknown}


   Skills:
 - Level 9.3 Fighting
 - Level 14.3 Axes
 - Level 6.5 Armour
 - Level 10.8 Shields
 + Level 10.7 Spellcasting


You had 33 spell levels left.
You didn't know any spells.
Your spell library was empty.

Dungeon Overview and Level Annotations

Branches:
Dungeon (14/15)            Temple (0/1) D:4            Lair (0/6) D:10
    Orc (0/2) D:12
 Vaults: D:13-14

Altars:
Cheibriados
Dithmenos
Elyvilon
Fedhas
Kikubaaqudgha
Nemelex Xobeh
Qazlal
Sif Muna
Uskayaw
Vehumet
Xom
Zin
The Shining One

Shops:
D:1 *   D:10 *

Portals:
Ice
Cave: D:12

Annotations:
D:13 exclusions: ice statue and obsidian statue


Innate Abilities, Weirdness & Mutations

You are resistant to damage.
You can heal yourself by infusing magical energy.
You passively map the area around you.
You do not regenerate.


Message History

You slice the cyclops!! You freeze the cyclops.
The cyclops is severely wounded.
A howler monkey comes into view.
A boulder beetle comes into view.
The centaur warrior wields a +0 shortbow.
The centaur warrior shoots an arrow.
The arrow hits you!
You slash the cyclops! You freeze the cyclops.
The cyclops is almost dead.
You block the cyclops's attack.
The boulder beetle curls into a ball and begins rolling!
The centaur warrior shoots an arrow.
The arrow hits you but does no damage.
The howler monkey hoots and howls with incredible vigour!
You hear a shout!
You hit the cyclops. You freeze the cyclops.
The cyclops is almost dead.
The centaur warrior shoots an arrow.
The arrow hits you! The cyclops hits you!
* * * LOW HITPOINT WARNING * * *
You are too injured to fight recklessly!
You are too injured to fight recklessly!
You are too injured to fight recklessly!
You are too injured to fight recklessly!
You are too injured to fight recklessly!
You are too injured to fight recklessly!
You are too injured to fight recklessly!
You are too injured to fight recklessly!
You are too injured to fight recklessly!
You are too injured to fight recklessly!
You are too injured to fight recklessly!
You are too injured to fight recklessly!
You are too injured to fight recklessly!
You are too injured to fight recklessly!
You are too injured to fight recklessly!
You are too injured to fight recklessly!
The centaur warrior shoots an arrow.
The arrow hits you but does no damage.
The centaur warrior shoots an arrow.
The arrow hits you!
* * * LOW HITPOINT WARNING * * *
Okay, then.
Okay, then.
The centaur warrior unwields a +0 shortbow.
You block the centaur warrior's attack. x2
The howler monkey hits you but does no damage.
Your chain mail prevents you from hitting the howler monkey.
You slash the centaur warrior! You freeze the centaur warrior.
You slice the cyclops!! You freeze the cyclops.
You kill the cyclops!
You completely miss the boulder beetle.
The boulder beetle hits you but does no damage.
The boulder beetle stops rolling and uncurls.
The centaur warrior barely misses you.
The centaur warrior kicks you but does no damage.
The howler monkey hits you.
* * * LOW HITPOINT WARNING * * *
You hit the centaur warrior but do no damage.
The centaur warrior is lightly wounded.
You hit the boulder beetle. You freeze the boulder beetle.
You slash the howler monkey! You freeze the howler monkey.
The centaur warrior hits you!
* * * LOW HITPOINT WARNING * * *
You block the centaur warrior's attack. The boulder beetle bites you!
* * * LOW HITPOINT WARNING * * *
A gargoyle comes into view. It is wielding a +1 mace of protection.
You block the howler monkey's attack. The centaur warrior barely misses you.
The centaur warrior kicks you but does no damage.
You slash the howler monkey! You freeze the howler monkey.
You kill the howler monkey!
You slash the centaur warrior! You freeze the centaur warrior!
You hit the boulder beetle but do no damage.
The boulder beetle leaps!
You block the centaur warrior's attack.
The centaur warrior kicks you but does no damage.
The centaur warrior barely misses you.
The centaur warrior kicks you but does no damage.
The boulder beetle leaps!
You block the centaur warrior's attack. x2
Found a wand of acid (8).
You see here a howler monkey corpse.
You slice the centaur warrior!! You freeze the centaur warrior.
You kill the centaur warrior!
Things that are here:
a +0 shortbow; 25 arrows A slime creature comes into view.
The slime creature quivers.
A slime creature comes into view.
The Shining One will bless your weapon with holy wrath... once.
The gargoyle hits you with a +1 mace of protection.
The slime creature quivers.
You hit the gargoyle. You freeze the gargoyle.
The gargoyle is moderately damaged.
The gargoyle hurls a stone arrow at you.
The stone arrow misses you.
You slash the gargoyle! You freeze the gargoyle.
The gargoyle is severely damaged.
The boulder beetle curls into a ball and begins rolling!
The gargoyle hits you but does no damage.
You hit the gargoyle but do no damage.
The gargoyle is severely damaged.
You block the gargoyle's attack.
You hit the gargoyle. You freeze the gargoyle.
The gargoyle is almost destroyed.
The gargoyle hurls a stone arrow at you.
The stone arrow hits you but does no damage.
The boulder beetle hits you!!
You die...

, , , ,, ≈ ,,, , ,
#...* ...≈§§ , , ,, *
*##...#####....≈§≈ ,
,,,,.................,
, , ,
................. , ,
,/................ , ,
, , .................,
, ................. ,
....°°○9@.JJ..... ≈
,,.......B)........ ≈
................. ≈ ≈≈
, ........(..#####. ,
≈ , ,,.......?...# ,,
, , * ..#........# * ,
, **. ######...# .. ,,
, * #...#####.........
#.................


You could see a boulder beetle (rolling), 2 slime creatures and a gargoyle.

Vanquished Creatures
  A hydra (D:11)
  2 catoblepae (D:13)
  4 centaur warriors
  4 two-headed ogres
  A thrashing horror (D:12)
  4 skeletal warriors (D:13)
  A deep elf pyromancer (D:12)
  4 ugly things
  A manticore (D:13)
  6 cyclopes
  Joseph (D:11)
  2 rime drakes (D:12)
  Psyche (D:8)
  An ancient zyme (D:12)
  3 meliai (D:13)
  A troll (D:9)
  A hornet (D:5)
  5 slime creatures (D:12)
  A centaur simulacrum (D:12)
  Sigmund (D:5)
  A shadow (D:11)
  6 wyverns
  A basilisk (D:10)
  36 yaks
  Grum (D:8)
  3 wraiths
  12 vampire mosquitoes (D:12)
  An acid dragon (D:9)
  4 water moccasins
  Duvessa (D:4)
  8 orc warriors
  2 sky beasts
  A black bear (D:5)
  A necrophage (D:6)
  2 wolves (D:8)
  11 centaurs
  2 ogres
  A phantom (D:5)
  2 kobold brigands
  3 bullfrogs
  Dowan (D:4)
  3 scorpions
  2 wyvern skeletons (D:7)
  3 water moccasin skeletons
  7 wights
  16 killer bees
  An electric eel (D:12)
  4 howler monkeys
  2 bullfrog zombies (D:5)
  2 centaur zombies
  6 hounds
  2 jellies
  6 orc priests
  2 gnoll shamans
  3 centaur skeletons
  4 iguanas
  13 orc wizards
  A hound zombie (D:5)
  A hound skeleton (D:4)
  A howler monkey zombie (D:7)
  Robin (D:4)
  10 gnolls
  9 adders
  2 shadow imps
  5 white imps
  2 ufetubi
  2 adder skeletons
  3 worms
  6 dart slugs
  42 orcs
  12 ball pythons
  9 endoplasms
  3 giant cockroaches
  19 goblins
  12 hobgoblins
  20 jackals
  5 quokkas
  8 bats
  16 kobolds
  6 rats
416 creatures vanquished.

Vanquished Creatures (others)
  A fungus (D:10)
  6 plants (D:10)
7 creatures vanquished.

Grand Total: 423 creatures vanquished

Notes
Turn   | Place    | Note
-------+----------+-------------------------------------------
     0 | D:1      | EnegeticOcto the Deep Dwarf Fighter began the quest for the
                  | Orb.
     0 | D:1      | Reached XP level 1. HP: 20/20 MP: 1/1
    80 | D:1      | Reached XP level 2. HP: 25/27 MP: 2/2
   204 | D:1      | Reached skill level 3 in Axes
   213 | D:1      | Reached XP level 3. HP: 27/33 MP: 3/3
   290 | D:1      | Found Gitelav's General Store.
   300 | D:1      | Found a faded altar of an unknown god.
   396 | D:1      | Became a worshipper of Nemelex Xobeh the Trickster
   396 | D:1      | Reached * piety under Nemelex Xobeh
   397 | D:1      | Fell from the grace of Nemelex Xobeh
   660 | D:2      | Reached XP level 4. HP: 23/42 MP: 4/4
  1300 | D:3      | Reached skill level 4 in Axes
  1393 | D:3      | Reached XP level 5. HP: 47/49 MP: 4/4
  1546 | D:3      | Found a glowing golden altar of the Shining One.
  1546 | D:3      | Found a hide-covered altar of Uskayaw.
  1779 | D:3      | Became a worshipper of the Shining One
  1810 | D:4      | Noticed Robin
  1836 | D:4      | Killed Robin
  1879 | D:4      | Noticed Dowan
  1880 | D:4      | Noticed Duvessa
  1900 | D:4      | Killed Duvessa
  1901 | D:4      | Reached skill level 5 in Axes
  1901 | D:4      | Reached XP level 6. HP: 36/57 MP: 4/4
  1902 | D:4      | Killed Dowan
  2064 | D:4      | Found a staircase to the Ecumenical Temple.
  2120 | D:4      | Reached * piety under the Shining One
  2183 | D:4      | Reached XP level 7. HP: 44/64 MP: 5/5
  2188 | D:4      | Reached skill level 5 in Armour
  2208 | D:4      | Reached skill level 6 in Axes
  2208 | D:4      | Reached skill level 5 in Shields
  2414 | D:4      | Found a shadowy altar of Dithmenos.
  2414 | D:4      | Found a shimmering blue altar of Sif Muna.
  2473 | D:5      | Entered Level 5 of the Dungeon
  2509 | D:5      | Noticed Sigmund
  2523 | D:5      | Killed Sigmund
  2524 | D:5      | Reached XP level 8. HP: 52/73 MP: 5/5
  2527 | D:5      | Reached skill level 7 in Axes
  2542 | D:5      | Found a white marble altar of Elyvilon.
  2843 | D:5      | Reached ** piety under the Shining One
  2851 | D:5      | Reached skill level 5 in Fighting
  2931 | D:5      | Noticed a hornet
  2935 | D:5      | Paralysed by a hornet for 3 turns
  2941 | D:5      | Paralysed by a hornet for 1 turns
  2950 | D:5      | Paralysed by a hornet for 2 turns
  2956 | D:5      | Killed a hornet
  2957 | D:5      | Reached skill level 8 in Axes
  3147 | D:6      | Found a blossoming altar of Fedhas.
  3151 | D:6      | Found an ancient bone altar of Kikubaaqudgha.
  3171 | D:6      | Gained mutation: You passively map the area around you.
                  | [Deep Dwarf growth]
  3171 | D:6      | Reached XP level 9. HP: 79/81 MP: 3/5
  3210 | D:6      | Reached skill level 1 in Spellcasting
  3215 | D:6      | Reached skill level 9 in Axes
  3371 | D:6      | Found a snail-covered altar of Cheibriados.
  3943 | D:7      | Found a radiant altar of Vehumet.
  4130 | D:7      | Reached *** piety under the Shining One
  5161 | D:8      | Reached XP level 10. HP: 50/79 MP: 9/9
  5166 | D:8      | Reached skill level 10 in Axes
  5245 | D:8      | Found a stormy altar of Qazlal.
  5336 | D:8      | Noticed Psyche
  5338 | D:8      | Killed Psyche
  5467 | D:8      | Noticed Grum
  5475 | D:8      | Killed Grum
  5928 | D:9      | Reached **** piety under the Shining One
  5951 | D:9      | Reached skill level 5 in Spellcasting
  6245 | D:9      | Noticed a two-headed ogre
  6247 | D:9      | Noticed a cyclops
  6248 | D:9      | Noticed a two-headed ogre
  6260 | D:9      | Killed a two-headed ogre
  6261 | D:9      | Reached skill level 11 in Axes
  6279 | D:9      | Killed a cyclops
  6280 | D:9      | Reached XP level 11. HP: 57/100 MP: 11/11
  6296 | D:9      | Killed a two-headed ogre
  6455 | D:10     | Entered Level 10 of the Dungeon
  6455 | D:10     | Found Otoffujo's General Store.
  6459 | D:10     | Bought a scroll of teleportation for 45 gold pieces
  6459 | D:10     | Bought a scroll of teleportation for 45 gold pieces
  6459 | D:10     | Bought a scroll of identify for 30 gold pieces
  6476 | D:10     | Identified a scroll of acquirement
  6476 | D:10     | Acquired a ring of protection from fire
  6539 | D:10     | Found a staircase to the Lair.
  6600 | D:10     | Found a glowing silver altar of Zin.
  6677 | D:10     | Reached skill level 12 in Axes
  6703 | D:10     | Found a shimmering altar of Xom.
  6912 | D:10     | Noticed a two-headed ogre
  6924 | D:10     | Killed a two-headed ogre
  7541 | D:11     | Noticed a four-headed hydra
  7541 | D:11     | Noticed a two-headed ogre
  7553 | D:11     | Killed a two-headed ogre
  7566 | D:11     | Killed a 12-headed hydra
  7578 | D:11     | Noticed Joseph
  7580 | D:11     | Reached ***** piety under the Shining One
  7595 | D:11     | Killed Joseph
  7599 | D:11     | Reached XP level 12. HP: 77/111 MP: 13/13
  7841 | D:12     | Reached skill level 13 in Axes
  7858 | D:12     | Reached skill level 10 in Shields
  7965 | D:12     | Found a staircase to the Orcish Mines.
  8210 | D:12     | Found a frozen archway.
  8574 | D:13     | Noticed a centaur warrior
  8586 | D:13     | Killed a centaur warrior
  8838 | D:13     | Reached skill level 14 in Axes
  8862 | D:13     | Noticed a catoblepas
  8880 | D:13     | Killed a catoblepas
  8881 | D:13     | Reached XP level 13. HP: 70/121 MP: 1/1
  8896 | D:13     | Acquired a +3 broad axe of freezing
  9091 | D:13     | Acquired a manual of Spellcasting
  9185 | D:13     | Reached skill level 10 in Spellcasting
  9534 | D:14     | HP: 3/121 [boulder beetle (7)]
  9539 | D:14     | Reached ****** piety under the Shining One
  9544 | D:14     | Annihilated by a boulder beetle

Illustrated notes

Levels and vault maps discovered:
D:1:      lightli_arrival_windingriver, layout_rooms, serial_shops,
          nicolae_shop_stone, basic_ecumenical_altar, minmay_surrounded
D:2:      layout_rooms, minmay_goblin_outpost
D:3:      layout_loops_ring, mainiacjoe_overflow_divided_tiny
D:4:      cheibrodos_barr_body, layout_rooms,
          gammafunk_temple_overflow_elements, minmay_temple_entry_sparse_star,
          minmay_misc_feat_tower, uniq_duvessa, uniq_robin
D:5:      layout_rooms, mainiacjoe_overflow_chevrons, minmay_quadrilaterals,
          uniq_sigmund
D:6:      layout_gridville, grunt_temple_overflow_growth_and_decay,
          nicolae_overflow_crystal_walls
D:7:      layout_basic, vehumet_altar_wand_db, st_stairs_13
D:8:      layout_loops_ring, mainiacjoe_overflow_concentric_impassable,
          uniq_psyche, uniq_grum
D:9:      layout_rooms, st_stairs_13, lightli_fourway_metalbox
D:10:     layout_roguey, general_overflow_altar, lemuel_tele_altar,
          minmay_lair_entry_grove, serial_shops, shop
D:11:     layout_roguey, hangedman_decor_push, minmay_sticks_and_stones
D:12:     layout_irregular_city, david_orc_2, serial_ice, serial_ice_o,
          serial_ice_f, serial_ice_c, serial_ice_m, portal_ice_cave_rime,
          grunt_ministairs_9, lemuel_old_faithful
D:13:     layout_loops_ring, minivault_20, david_greed
D:14:     layout_big_octagon, enter_bailey_5, infiniplex_staircase_star

Skill      XL: |  1  2  3  4  5  6  7  8  9 10 11 12 13 |
---------------+----------------------------------------+-----
Axes           | 3 4 5 6 8 9 11 12 14 | 14.3
Fighting       | 3 4 5 6 7 8 9 |  9.3
Armour         | 4 5 6 |  6.5
Shields        | 4 5 6 7 8 9 10 | 10.8
Spellcasting   | 3 5 7 9 10 | 10.7

Action                   |  1- 3 |  4- 6 |  7- 9 | 10-12 | 13-15 || total
-------------------------+-------+-------+-------+-------+-------++-------
Melee: War axe           |   123 |    91 |       |       |       ||   214
       Hand axe          |       |   111 |   359 |   792 |     8 ||  1270
       Broad axe         |       |       |       |       |    54 ||    54
Invok: Renounce Religion |     1 |       |       |       |       ||     1
       Divine Shield     |       |       |       |     2 |       ||     2
 Abil: Heal Wounds       |       |     6 |    16 |    70 |     6 ||    98
Evoke: Wand              |       |       |       |     5 |       ||     5
  Use: Potion            |       |       |     1 |     5 |     6 ||    12
       Scroll            |       |       |       |    21 |     3 ||    24
Armor: Scale mail        |    91 |   122 |   127 |    41 |       ||   381
       Chain mail        |       |       |       |   315 |    66 ||   381
Dodge: Dodged            |    43 |    72 |   111 |   197 |    28 ||   451
Block: Kite shield       |    77 |   146 |   208 |   485 |    70 ||   986
